 Dungeon Crawl Stone Soup version 0.23-a0-582-g1b4a0ca2fb (webtiles) character file.

11 Manul the Sneak (level 2, 0/22 HPs)
             Began as a Demonspawn Assassin on Dec 16, 2018.
             Slain by a bat (1 damage)
             ... on level 1 of the Dungeon.
             The game lasted 00:00:55 (313 turns).

Manul the Sneak (Demonspawn Assassin)                Turns: 313, Time: 00:00:56

Health: 0/22       AC:  4    Str: 11    XL:     2   Next: 17%
Magic:  2/2        EV: 11    Int: 12    God:
Gold:   0          SH:  0    Dex: 14    Spells: 1/1 levels left

rFire    . . .     SeeInvis .   a - +2 dagger
rCold    . . .     Gourm    .   (no shield)
rNeg     . . .     Faith    .   i - +0 leather armour
rPois    .         Spirit   .   (no helmet)
rElec    .         Reflect  .   d - +0 cloak
rCorr    .         Harm     .   (no gloves)
MR       .....                  (no boots)
Stlth    ++........             (no amulet)
HPRegen  0.07/turn              (no ring)
MPRegen  0.08/turn              (no ring)

@: no status effects
A: talons 1
a: no special abilities


You were on level 1 of the Dungeon.
You were not hungry.

You visited 1 branch of the dungeon, and saw 1 of its levels.

Inventory:

Hand Weapons
 a - a +2 dagger (weapon)
 b - a +0 blowgun
Missiles
 e - 8 poisoned needles
 f - 2 curare-tipped needles
Armour
 c - a +0 robe
 d - a +0 cloak (worn)
 i - a +0 leather armour (worn)
Scrolls
 h - a scroll of identify {unknown}
 j - a scroll of noise {unknown}
 l - a scroll of teleportation {unknown}
Potions
 k - a potion of berserk rage {unknown}
Comestibles
 g - 3 rations


   Skills:
 + Level 2.0 Fighting
 + Level 2.0 Short Blades
 + Level 1.8 Throwing
 + Level 0.8 Dodging
 + Level 4.0 Stealth


You had one spell level left.
You didn't know any spells.
Your spell library was empty.

Dungeon Overview and Level Annotations

Branches:
Dungeon (1/15)

Altars:


Innate Abilities, Weirdness & Mutations

You have sharp toenails.


Message History

The bat barely misses you. x2; The rat misses you.
The kobold closely misses you.
The bat hits you but does no damage. x3; The kobold barely misses you.
The rat bites you but does no damage. The bat hits you but does no damage.
The rat barely misses you. The kobold barely misses you. The bat misses you.
The bat closely misses you. The kobold closely misses you.
The rat barely misses you. The bat completely misses you.
The bat hits you but does no damage. The rat barely misses you.
The kobold closely misses you. The bat hits you but does no damage.
The rat misses you. The kobold hits you.
* * * LOW HITPOINT WARNING * * *
The bat barely misses you. The kobold barely misses you.
The rat barely misses you. The bat hits you but does no damage.
The rat misses you. The kobold hits you but does no damage. The bat hits you.
* * * LOW HITPOINT WARNING * * *
The bat hits you.
You die...

#..###.#.########
#.#.........
#.########## #.#
#..## #.# ##.....
#.# ..... #.# ...
#.###K# #...@b#
#####rg.....
#...... #.....
#..## .... ###


You could see a hobgoblin, a bat, a kobold and a rat.

Vanquished Creatures
  A dart slug (D:1)
  A giant cockroach (D:1)
  A goblin (D:1)
  4 kobolds (D:1)
  A bat (D:1)
  A frilled lizard (D:1)
  A rat (D:1)
10 creatures vanquished.

Notes
Turn   | Place    | Note
-------+----------+-------------------------------------------
     0 | D:1      | Manul the Demonspawn Assassin began the quest for the Orb.
     0 | D:1      | Reached XP level 1. HP: 16/16 MP: 1/1
   239 | D:1      | Gained mutation: You have sharp toenails. [demonic
                  | ancestry]
   239 | D:1      | Reached XP level 2. HP: 22/22 MP: 2/2
   272 | D:1      | Reached skill level 4 in Stealth
   313 | D:1      | HP: 1/22 [bat (1)]
   313 | D:1      | Slain by a bat

Vault maps used:
D:1:      shiori_arrival_maze, st_stairs_5

Skill      XL: |  1  2 |
---------------+-------+-----
Short Blades   | 2 |  2.0
Stealth        | 4 |  4.0
Fighting       | |  2.0
Throwing       | |  1.8
Dodging        | |  0.8

Action                   || total
-------------------------++-------
Melee: Dagger            ||    32
 Stab: Sleeping          ||     2
Armor: Leather armour    ||    44
Dodge: Dodged            ||    78

Table legend:
 A = Non-vault XP
 B = Vault XP
 C = Vault XP percentage of total XP
 D = Non-vault monster count
 E = Vault monster count
 F = Vault count percentage of total count
                 A         B        C        D         E       F
            +---------+---------+-------+---------+---------+-------
      Total |      17 |       0 |   0.0 |      10 |       0 |   0.0
            +---------+---------+-------+---------+---------+-------
        D:1 |      17 |       0 |   0.0 |      10 |       0 |   0.0
            +---------+---------+-------+---------+---------+-------
